 Dungeon Crawl Stone Soup version 0.32-a0-630-g46d191b0ed (webtiles) character file.

Game seed: 1349748366557875061

420 mopl the Apothecary (level 6, 0/36 HPs)
             Began as an Octopode Alchemist on Mar 6, 2024.
             Slain by a lemure (7 damage)
             ... led by Pikel
             ... on level 4 of the Dungeon.
             The game lasted 00:05:50 (3240 turns).

mopl the Apothecary (Octopode Alchemist)            Turns: 3240, Time: 00:05:50

Health: 0/36       AC:  1    Str:  7    XL:     6   Next: 94%
Magic:  4/12       EV: 13    Int: 20    God:
Gold:   233        SH:  0    Dex: 12    Spells: 1/13 levels left

rFire   . . .        l - staff of air
rCold   . . .        (no shield)
rNeg    . . .        (helmet restricted)
rPois   .            (no amulet)
rElec   +            (no ring)
rCorr   .            (no ring)
SInv    .            (no ring)
Will    .....        (no ring)
Stlth   +++          (no ring)
HPRegen 0.26/turn    (no ring)
MPRegen 0.13/turn    (no ring)
                     (no ring)

%: no passive effects
@: very slightly contaminated
A: almost no armour, amphibious, 8 rings, camouflage 1, gelatinous body 1,
(nimble swimmer 1), tentacles
a: no special abilities


You were on level 4 of the Dungeon.
You visited 1 branch of the dungeon, and saw 4 of its levels.

You collected 233 gold pieces.

Inventory:

Hand Weapons
 g - a +3 dagger of protection
Missiles
 k - 5 boomerangs
Armour
 d - a +0 kite shield
 o - a +2 buckler
Magical Staves
 h - a staff of conjuration
 l - a staff of air (weapon)
 m - a staff of fire
Jewellery
 n - a ring of fire
Scrolls
 b - 2 scrolls of blinking {unknown}
 c - 2 scrolls of teleportation {unknown}
 e - 2 scrolls of identify {unknown}
 f - 3 scrolls of enchant armour {unknown}
 j - a scroll of immolation {unknown}
 p - a scroll of silence {unknown}
Potions
 a - a potion of magic
 i - a potion of mutation {unknown}


   Skills:
 - Level 2.0 Dodging
 - Level 2.6 Stealth
 * Level 4.1 Spellcasting
 * Level 3.9 Conjurations
 + Level 0.6 Fire Magic
 * Level 5.3 Alchemy


You had one spell level left.
You knew the following spells:

 Your Spells              Type           Power      Damage    Failure   Level
a - Sting                 Conj/Alch      88%        1d8       1%          1
c - Mephitic Cloud        Conj/Alch/Air  24%        N/A       11%         3
d - Sticky Flame          Fire/Alch      16%        2d5       36%         4
o - Olgreb's Toxic Radia  Alch           25%        N/A       14%         4

Your spell library contained the following spells:

 Spells                   Type           Power      Damage    Failure   Level
 Mercury Vapours          Alch/Air       44%        N/A       6%          2
 Leda's Liquefaction      Alch/Erth      7%         N/A       38%         4
 Freezing Cloud           Conj/Ice/Air   7%         6-21      90%         5
 Lee's Rapid Deconstruct  Erth           2%         3d4*      98%         5
 Bombard                  Conj/Erth      6%         9d2       100%        6


Dungeon Overview and Level Annotations

Branches:
Dungeon (4/15)             Temple (0/1) D:4

Altars:
Wu Jian

Annotations:
D:4 exclusion: phantom, Pikel


Innate Abilities, Weirdness & Mutations

You cannot wear most types of armour.
You are amphibious.
You can wear up to eight rings at the same time.
Your skin changes colour to match your surroundings (Stealth+).
Your rubbery body absorbs attacks. (AC +1, EV +1)
((You are camouflaged when in or above water. (Stealth+)))
You have tentacles for arms and can constrict up to eight enemies at once.


Message History

A giant cockroach comes into view.
A giant cockroach is nearby!
You can't see any susceptible monsters within range! (Use Z to cast anyway.)
The sting hits the giant cockroach.
The giant cockroach is poisoned.
The giant cockroach is moderately wounded.
The sting hits the giant cockroach.
The giant cockroach looks even sicker.
You kill the giant cockroach!
The lemure shouts!
Casting: Sting (safe; 1% risk of failure)
Confirm with . or Enter, or press ? or * to list all spells.
You begin to radiate toxic energy.
Pikel shouts!
Pikel is poisoned.
The lemure is poisoned.
Pikel looks even sicker.
The lemure looks even sicker.
You hear a shout!
The lemure is poisoned.
The lemure looks even sicker.
Your toxic aura wanes.
Casting: Olgreb's Toxic Radiance (quite dangerous; 14% risk of failure)
Confirm with . or Enter, or press ? or * to list all spells.
You miscast Olgreb's Toxic Radiance.
You are very lightly contaminated with residual magic.
There is a flash of cinnabar.
You are poisoned.
You feel very sick.
You feel very sick.
Pikel says, "You'll freeze in Cocytus!"
You feel very sick.
You feel sick.
You feel sick.
You feel sick. The lemure attacks as it pursues you! The lemure hits you.
You feel sick.
You feel sick.
You feel sick.
Pikel says, "You'll burn in Gehenna!"
The lemure attacks as it pursues you! The lemure hits you.
* * * LOW HITPOINT WARNING * * *
You feel sick.
You feel sick.
You are no longer poisoned.
The lemure attacks as it pursues you! The lemure hits you!
You die...

....#### #..# #........#
.#..# ##.# ##...)....# ....##
#.###.........#
##...#########.##..........#
...#....##.................#
...####.#..#...............#
.....##.#.##.....<.#.......#
..##.##...[..รท...###.......#
.###.)..#.......@# #########
####............5#####
..#................K.###
......#.#......#####.5.##
..#####........# ###..# ..##
##........# #...#
...###..##.....# ##.###
....#..........#####5K#
..#..................##


You could see a lemure (poisoned).

Vanquished Creatures
  Sigmund (D:4)
  A lemure (D:4)
  2 scorpions (D:4)
  5 adders
  A dart slug (D:1)
  A ribbon worm (D:2)
  7 orcs
  5 endoplasms
  5 giant cockroaches
  6 goblins
  5 hobgoblins
  4 jackals (D:1)
  5 quokkas
  11 ball pythons
  5 bats
  6 frilled lizards
  4 kobolds
  7 rats
81 creatures vanquished.

Notes
Turn   | Place    | Note
-------+----------+-------------------------------------------
     0 | D:1      | mopl the Octopode Alchemist began the quest for the Orb.
     0 | D:1      | Reached XP level 1. HP: 11/11 MP: 3/3
   208 | D:1      | Reached XP level 2. HP: 17/17 MP: 3/5
   800 | D:1      | Reached XP level 3. HP: 21/21 MP: 4/6
   807 | D:1      | Learned a level 3 spell: Mephitic Cloud
  1102 | D:2      | Reached skill level 2 in Conjurations
  1201 | D:2      | Identified the +0 pair of boots "Osiurrys" {Will+}
  1228 | D:2      | Reached skill level 4 in Alchemy
  1645 | D:2      | Reached XP level 4. HP: 27/27 MP: 6/8
  1650 | D:2      | Learned a level 4 spell: Olgreb's Toxic Radiance
  1909 | D:3      | Found an ornate altar of the Wu Jian Council.
  2142 | D:3      | Identified the +3 ring mail "Caluufu" {Rampage +Blink rElec
                  | Str-3}
  2490 | D:3      | Found a faded altar of an unknown god.
  2818 | D:4      | Noticed a phantom
  2849 | D:4      | Noticed a scorpion
  2856 | D:4      | Killed a scorpion
  2857 | D:4      | Reached skill level 3 in Spellcasting
  2857 | D:4      | Reached XP level 5. HP: 31/31 MP: 4/9
  2864 | D:4      | Noticed Sigmund
  2914 | D:4      | Killed Sigmund
  2915 | D:4      | Reached skill level 3 in Conjurations
  2915 | D:4      | Reached skill level 5 in Alchemy
  2915 | D:4      | Reached XP level 6. HP: 26/36 MP: 2/11
  2933 | D:4      | Learned a level 4 spell: Sticky Flame
  3002 | D:4      | Noticed Pikel
  3088 | D:4      | Reached skill level 4 in Spellcasting
  3125 | D:4      | Found a staircase to the Ecumenical Temple.
  3240 | D:4      | Slain by a lemure

Illustrated notes

Levels and vault maps discovered:
D:1:      shiori_arrival_elements, layout_loops_corners
D:2:      layout_basic, serial_aquarium, aquarium_bridge_square
          [aquarium_subvault_wall, aquarium_subvault_window,
          aquarium_subvault_window, aquarium_subvault_bridge],
          aquarium_window_corner, aquarium_window_1, aquarium_view_2g,
          aquarium_view_2a, aquarium_pool_side
D:3:      layout_basic, nzn_wu_jian_contemplation,
          shapermc_ecumenical_altar_flowoftime
D:4:      layout_rooms, minmay_temple_entry_butterflies, uniq_pikel,
          uniq_sigmund

Skill      XL: |  1  2  3  4  5  6 |
---------------+-------------------+-----
Conjurations   | 2 3 |  3.9
Alchemy        | 4 5 |  5.3
Spellcasting   | 3 4 |  4.1
Dodging        | |  2.0
Stealth        | |  2.6
Fire Magic     | |  0.6

Action                     |  1- 3 |  4- 6 || total
---------------------------+-------+-------++-------
  Melee: Unarmed           |    36 |       ||    36
         Tentacles         |    14 |    10 ||    24
         Constrict         |    12 |    20 ||    32
         Staff             |       |    40 ||    40
   Cast: Sting             |    47 |    50 ||    97
         Olgreb's Toxic Ra |       |     6 ||     6
    Use: Potion            |       |     2 ||     2
   Stab: Sleeping          |       |     1 ||     1
 Armour: Skin              |    19 |    18 ||    37
  Dodge: Dodged            |    28 |    20 ||    48

Table legend: (Time is in decaauts)
 A = Elapsed time spent in this place.
 B = Non-inter-level travel time spent in this place.
 C = Inter-level travel time spent in this place.
 D = Time resting spent in this place.
 E = Time spent auto-exploring this place.
 F = Levels seen in this place.
 G = Mean time per level.
                   A        B        C        D        E       F      G
               +--------+--------+--------+--------+--------+-----+--------+
         Total |   3227 |   3050 |    177 |     98 |   2377 |   4 |  806.8 |
       Dungeon |   3227 |   3050 |    177 |     98 |   2377 |   4 |  806.8 |
               +--------+--------+--------+--------+--------+-----+--------+

Top non-repeatable levels by time:
     D:1: 986 daAuts
     D:3: 918 daAuts
     D:2: 895 daAuts
     D:4: 428 daAuts
